[ PARTIDA AOE2 · #493858426 ]
UnrankedLituanos vs Huns
Equipo del jugador · DERR
Equipo rival · VICT
[ ANÁLISIS DE REPETICIÓN · EXTRAÍDO DE LA PARTIDA GRABADA ]
Feudal
8:25
Castillos
24:53
Imperial
—
| APM promedio | 56.1 |
| APM pico | 76 |
| eAPM promedio | 31.5 |
| Aldeanos / militares | 134 / 90 |
Foco
⚔️ 35.9% · 🌾 64.1%
Knight ×47 · Skirmisher ×21 · Monk ×10 · Scout Cavalry ×7 · Spearman ×5
Feudal
8:51
Castillos
24:15
Imperial
—
| APM promedio | 64.2 |
| APM pico | 95 |
| eAPM promedio | 31.2 |
| Aldeanos / militares | 158 / 102 |
Foco
⚔️ 34.2% · 🌾 65.8%
Cavalry Archer ×34 · Knight ×22 · Skirmisher ×17 · Monk ×16 · Scout Cavalry ×12 · Spearman ×1
Mapa de la partida
Recursos iniciales + cada clic de construcción. Líneas = muros · curvas = relieve. ◆ oro · ⬟ piedra · ● bayas · ✦ reliquia · ◌ hueco del cierre
Tu base· Abierta — flanco sin cerrar
Base de Thành Cổ Quảng Trị· Abierta — flanco sin cerrar
Terreno inicial suavizado · ◌ = hueco del cierre detectado · pasá el cursor para detalles
Inputs por minuto
— _LY_抖音肥龙 - - Thành Cổ Quảng Trị
Build order — _LY_抖音肥龙
Primeras 150 de 389 acciones detectadas
| 0:00 | Crear | Villager (Male) |
| 0:00 | Crear | Villager (Male) |
| 0:01 | Construir | House |
| 0:03 | Construir | House |
| 0:35 | Crear | Villager (Male) |
| 0:56 | Crear | Villager (Male) |
| 0:56 | Crear | Villager (Male) |
| 1:26 | Crear | Villager (Male) |
| 1:28 | Construir | Mill |
| 1:38 | Crear | Villager (Male) |
| 2:33 | Crear | Villager (Male) |
| 2:58 | Crear | Villager (Male) |
| 3:21 | Crear | Villager (Male) |
| 3:45 | Crear | Villager (Male) |
| 3:49 | Construir | House |
| 4:11 | Crear | Villager (Male) |
| 4:32 | Construir | Lumber Camp |
| 4:43 | Crear | Villager (Male) |
| 5:22 | Crear | Villager (Male) |
| 5:47 | Investigar | Loom |
| 6:09 | Investigar | Feudal Age |
| 7:41 | Crear | Villager (Male) |
| 7:44 | Construir | House |
| 8:07 | Construir | Barracks |
| 8:25 | Edad | Edad Feudal |
| 8:26 | Investigar | Double-Bit Axe |
| 8:28 | Crear | Villager (Male) |
| 8:50 | Construir | Archery Range |
| 8:54 | Crear | Villager (Male) |
| 8:59 | Crear | Spearman |
| 9:16 | Construir | Watch Tower |
| 9:18 | Crear | Villager (Male) |
| 9:24 | Crear | Skirmisher |
| 9:34 | Construir | House |
| 9:45 | Construir | Watch Tower |
| 9:55 | Crear | Villager (Male) |
| 9:57 | Crear | Skirmisher |
| 10:09 | Construir | Palisade Wall |
| 10:10 | Construir | Palisade Wall |
| 10:11 | Construir | Palisade Wall |
| 10:15 | Crear | Skirmisher |
| 10:16 | Crear | Villager (Male) |
| 10:41 | Crear | Villager (Male) |
| 10:42 | Construir | Mill |
| 10:54 | Construir | Palisade Wall |
| 11:02 | Construir | Palisade Wall |
| 11:07 | Crear | Skirmisher |
| 11:08 | Crear | Villager (Male) |
| 11:33 | Crear | Skirmisher |
| 11:34 | Crear | Villager (Male) |
| 11:40 | Crear | Villager (Male) |
| 11:41 | Construir | House |
| 11:43 | Construir | Farm |
| 11:44 | Crear | Skirmisher |
| 12:15 | Crear | Villager (Male) |
| 12:21 | Crear | Skirmisher |
| 12:28 | Construir | Farm |
| 12:29 | Construir | House |
| 12:46 | Crear | Villager (Male) |
| 12:51 | Crear | Skirmisher |
| 12:54 | Construir | Farm |
| 12:56 | Construir | Farm |
| 13:05 | Crear | Skirmisher |
| 13:21 | Crear | Villager (Male) |
| 13:40 | Crear | Skirmisher |
| 13:43 | Crear | Villager (Male) |
| 13:44 | Construir | Farm |
| 13:46 | Construir | Farm |
| 14:13 | Crear | Villager (Male) |
| 14:30 | Construir | House |
| 14:34 | Construir | Blacksmith |
| 14:35 | Crear | Skirmisher |
| 14:37 | Crear | Villager (Male) |
| 14:39 | Construir | Farm |
| 14:49 | Construir | Lumber Camp |
| 14:59 | Construir | Farm |
| 15:10 | Crear | Skirmisher |
| 15:15 | Crear | Villager (Male) |
| 15:19 | Investigar | Fletching |
| 15:28 | Construir | House |
| 15:30 | Crear | Skirmisher |
| 15:32 | Crear | Villager (Male) |
| 15:37 | Crear | Spearman |
| 15:57 | Crear | Villager (Male) |
| 16:11 | Crear | Skirmisher |
| 16:15 | Construir | Mining Camp |
| 16:22 | Crear | Villager (Male) |
| 16:26 | Construir | Farm |
| 16:29 | Crear | Skirmisher |
| 16:37 | Construir | House |
| 16:41 | Crear | Villager (Male) |
| 16:45 | Construir | Farm |
| 16:49 | Crear | Skirmisher |
| 17:07 | Crear | Villager (Male) |
| 17:12 | Crear | Skirmisher |
| 17:17 | Construir | Farm |
| 17:25 | Investigar | Padded Archer Armor |
| 17:31 | Crear | Villager (Male) |
| 17:34 | Construir | House |
| 17:37 | Construir | Farm |
| 18:00 | Crear | Skirmisher |
| 18:01 | Crear | Villager (Male) |
| 18:07 | Construir | Farm |
| 18:08 | Construir | Farm |
| 18:25 | Crear | Skirmisher |
| 18:31 | Crear | Villager (Male) |
| 18:32 | Construir | Watch Tower |
| 18:53 | Crear | Villager (Male) |
| 19:05 | Crear | Skirmisher |
| 19:12 | Construir | Farm |
| 19:14 | Crear | Villager (Male) |
| 19:15 | Construir | Mining Camp |
| 19:18 | Crear | Skirmisher |
| 19:22 | Construir | Farm |
| 19:23 | Construir | Farm |
| 19:35 | Construir | Farm |
| 19:37 | Construir | House |
| 19:40 | Construir | Farm |
| 19:41 | Crear | Villager (Male) |
| 19:48 | Construir | Palisade Wall |
| 19:49 | Construir | Palisade Wall |
| 19:49 | Construir | Palisade Wall |
| 19:50 | Construir | Palisade Wall |
| 19:50 | Construir | Palisade Wall |
| 20:00 | Crear | Spearman |
| 20:06 | Crear | Villager (Male) |
| 20:24 | Crear | Villager (Male) |
| 20:28 | Crear | Spearman |
| 20:38 | Construir | Farm |
| 20:41 | Construir | Market |
| 21:02 | Crear | Villager (Male) |
| 21:09 | Construir | Watch Tower |
| 21:24 | Construir | Stone Wall |
| 21:28 | Construir | Farm |
| 21:29 | Crear | Villager (Male) |
| 21:31 | Construir | Watch Tower |
| 21:38 | Construir | House |
| 21:42 | Construir | Palisade Wall |
| 22:01 | Construir | Farm |
| 22:08 | Construir | Palisade Wall |
| 22:10 | Construir | Palisade Wall |
| 22:13 | Investigar | Castle Age |
| 22:14 | Construir | Farm |
| 22:24 | Crear | Spearman |
| 22:31 | Construir | Palisade Wall |
| 22:34 | Construir | Palisade Wall |
| 22:44 | Construir | Stable |
| 22:57 | Construir | Farm |
| 23:13 | Investigar | Horse Collar |
| 23:14 | Investigar | Horse Collar |
Build order — Thành Cổ Quảng Trị
Primeras 150 de 408 acciones detectadas
| 0:00 | Crear | Villager (Male) |
| 0:06 | Crear | Villager (Male) |
| 0:06 | Crear | Villager (Male) |
| 0:06 | Crear | Villager (Male) |
| 0:07 | Crear | Villager (Male) |
| 1:20 | Crear | Villager (Male) |
| 1:52 | Crear | Villager (Male) |
| 1:52 | Crear | Villager (Male) |
| 2:08 | Crear | Villager (Male) |
| 2:08 | Crear | Villager (Male) |
| 2:16 | Construir | Lumber Camp |
| 2:38 | Crear | Villager (Male) |
| 3:09 | Crear | Villager (Male) |
| 3:09 | Crear | Villager (Male) |
| 3:10 | Crear | Villager (Male) |
| 3:10 | Crear | Villager (Male) |
| 3:41 | Crear | Villager (Male) |
| 4:11 | Crear | Villager (Male) |
| 4:11 | Crear | Villager (Male) |
| 4:34 | Construir | Mill |
| 4:48 | Crear | Villager (Male) |
| 4:58 | Crear | Villager (Male) |
| 5:29 | Crear | Villager (Male) |
| 6:10 | Investigar | Loom |
| 6:37 | Investigar | Feudal Age |
| 6:37 | Investigar | Feudal Age |
| 7:11 | Crear | Villager (Male) |
| 7:46 | Construir | Barracks |
| 8:51 | Edad | Edad Feudal |
| 8:55 | Crear | Villager (Male) |
| 8:58 | Construir | Archery Range |
| 9:00 | Investigar | Double-Bit Axe |
| 9:07 | Construir | Watch Tower |
| 9:23 | Crear | Villager (Male) |
| 9:24 | Crear | Spearman |
| 9:38 | Construir | Farm |
| 9:41 | Crear | Skirmisher |
| 9:41 | Crear | Skirmisher |
| 9:42 | Crear | Villager (Male) |
| 10:05 | Crear | Villager (Male) |
| 10:10 | Crear | Skirmisher |
| 10:35 | Crear | Villager (Male) |
| 10:57 | Crear | Villager (Male) |
| 11:18 | Crear | Villager (Male) |
| 11:27 | Crear | Skirmisher |
| 11:27 | Crear | Skirmisher |
| 11:30 | Construir | Farm |
| 11:31 | Construir | Farm |
| 12:01 | Crear | Skirmisher |
| 12:12 | Construir | Farm |
| 12:19 | Crear | Villager (Male) |
| 12:52 | Crear | Villager (Male) |
| 13:16 | Construir | Farm |
| 13:17 | Construir | Farm |
| 13:18 | Construir | Farm |
| 13:33 | Crear | Villager (Male) |
| 13:33 | Crear | Villager (Male) |
| 13:43 | Construir | Farm |
| 13:50 | Crear | Villager (Male) |
| 13:50 | Crear | Villager (Male) |
| 13:53 | Construir | Farm |
| 14:09 | Crear | Villager (Male) |
| 14:10 | Crear | Skirmisher |
| 14:25 | Construir | Farm |
| 14:32 | Crear | Skirmisher |
| 14:39 | Crear | Skirmisher |
| 14:42 | Crear | Villager (Male) |
| 14:45 | Construir | Farm |
| 14:52 | Crear | Villager (Male) |
| 14:57 | Crear | Skirmisher |
| 15:15 | Crear | Villager (Male) |
| 15:17 | Construir | Farm |
| 15:21 | Construir | Farm |
| 15:27 | Crear | Villager (Male) |
| 15:27 | Crear | Villager (Male) |
| 15:28 | Crear | Villager (Male) |
| 15:47 | Construir | Farm |
| 15:56 | Crear | Villager (Male) |
| 15:57 | Crear | Skirmisher |
| 16:11 | Construir | Palisade Gate |
| 16:13 | Construir | Palisade Wall |
| 16:15 | Construir | Palisade Gate |
| 16:22 | Crear | Villager (Male) |
| 16:32 | Crear | Skirmisher |
| 16:39 | Construir | Farm |
| 16:41 | Construir | Farm |
| 16:56 | Crear | Skirmisher |
| 17:29 | Construir | Stable |
| 17:32 | Crear | Skirmisher |
| 17:38 | Crear | Villager (Male) |
| 18:01 | Crear | Skirmisher |
| 18:03 | Crear | Villager (Male) |
| 18:10 | Crear | Scout Cavalry |
| 18:10 | Crear | Scout Cavalry |
| 18:13 | Construir | Farm |
| 18:14 | Construir | Farm |
| 18:24 | Construir | Farm |
| 18:37 | Crear | Villager (Male) |
| 18:39 | Crear | Scout Cavalry |
| 18:51 | Crear | Skirmisher |
| 18:52 | Crear | Villager (Male) |
| 19:09 | Construir | Mining Camp |
| 19:12 | Crear | Skirmisher |
| 19:13 | Crear | Scout Cavalry |
| 19:38 | Crear | Scout Cavalry |
| 19:39 | Crear | Villager (Male) |
| 20:06 | Crear | Villager (Male) |
| 20:07 | Construir | Blacksmith |
| 20:42 | Construir | Palisade Gate |
| 20:44 | Construir | Palisade Wall |
| 20:46 | Construir | Palisade Wall |
| 21:02 | Construir | Farm |
| 21:03 | Construir | Farm |
| 21:35 | Investigar | Castle Age |
| 21:43 | Construir | Lumber Camp |
| 22:04 | Investigar | Fletching |
| 22:17 | Construir | Palisade Wall |
| 22:17 | Construir | Palisade Wall |
| 22:22 | Crear | Villager (Male) |
| 22:26 | Construir | Palisade Wall |
| 22:27 | Investigar | Gold Mining |
| 22:58 | Construir | Stable |
| 23:13 | Investigar | Scale Barding Armor |
| 23:13 | Investigar | Scale Barding Armor |
| 23:16 | Investigar | Bloodlines |
| 23:16 | Investigar | Bloodlines |
| 23:35 | Construir | Farm |
| 23:36 | Construir | Farm |
| 23:38 | Construir | Farm |
| 23:52 | Construir | Farm |
| 24:15 | Edad | Edad de los Castillos |
| 24:16 | Crear | Knight |
| 24:17 | Crear | Knight |
| 24:22 | Construir | Farm |
| 24:23 | Construir | Farm |
| 24:31 | Crear | Knight |
| 24:32 | Crear | Knight |
| 24:34 | Crear | Villager (Male) |
| 24:50 | Construir | Farm |
| 24:51 | Construir | Farm |
| 25:08 | Crear | Knight |
| 25:08 | Crear | Knight |
| 25:12 | Crear | Villager (Male) |
| 25:22 | Crear | Knight |
| 25:25 | Crear | Villager (Male) |
| 25:42 | Investigar | Husbandry |
| 25:42 | Crear | Villager (Male) |
| 25:45 | Construir | Monastery |
| 26:09 | Crear | Knight |
| 26:09 | Crear | Knight |
Cronología de la partida
| 7:46 | Thành Cổ Quảng Trị · first_building Barracks |
| 8:07 | _LY_抖音肥龙 · first_building Barracks |
| 8:25 | _LY_抖音肥龙 · age_up feudal |
| 8:50 | _LY_抖音肥龙 · first_building Archery Range |
| 8:51 | Thành Cổ Quảng Trị · age_up feudal |
| 8:58 | Thành Cổ Quảng Trị · first_building Archery Range |
| 10:09 | _LY_抖音肥龙 · wall_segment Palisade Wall x1 |
| 10:10 | _LY_抖音肥龙 · wall_segment Palisade Wall x1 |
| 10:11 | _LY_抖音肥龙 · wall_segment Palisade Wall x1 |
| 10:54 | _LY_抖音肥龙 · wall_segment Palisade Wall x2 |
| 11:02 | _LY_抖音肥龙 · wall_segment Palisade Wall x1 |
| 16:13 | Thành Cổ Quảng Trị · wall_segment Palisade Wall x1 |
| 17:29 | Thành Cổ Quảng Trị · first_building Stable |
| 19:48 | _LY_抖音肥龙 · wall_segment Palisade Wall x1 |
| 19:49 | _LY_抖音肥龙 · wall_segment Palisade Wall x1 |
| 19:49 | _LY_抖音肥龙 · wall_segment Palisade Wall x1 |
| 19:50 | _LY_抖音肥龙 · wall_segment Palisade Wall x1 |
| 19:50 | _LY_抖音肥龙 · wall_segment Palisade Wall x1 |
| 20:44 | Thành Cổ Quảng Trị · wall_segment Palisade Wall x1 |
| 20:46 | Thành Cổ Quảng Trị · wall_segment Palisade Wall x1 |
| 21:24 | _LY_抖音肥龙 · wall_segment Stone Wall x1 |
| 21:42 | _LY_抖音肥龙 · wall_segment Palisade Wall x1 |
| 22:08 | _LY_抖音肥龙 · wall_segment Palisade Wall x1 |
| 22:10 | _LY_抖音肥龙 · wall_segment Palisade Wall x1 |
| 22:12 | _LY_抖音肥龙 · first_market_sell 100 wood |
| 22:17 | Thành Cổ Quảng Trị · wall_segment Palisade Wall x3 |
| 22:17 | Thành Cổ Quảng Trị · wall_segment Palisade Wall x1 |
| 22:26 | Thành Cổ Quảng Trị · wall_segment Palisade Wall x2 |
| 22:31 | _LY_抖音肥龙 · wall_segment Palisade Wall x1 |
| 22:34 | _LY_抖音肥龙 · wall_segment Palisade Wall x1 |
| 22:44 | _LY_抖音肥龙 · first_building Stable |
| 23:39 | _LY_抖音肥龙 · wall_segment Palisade Wall x6 |
| 24:15 | Thành Cổ Quảng Trị · age_up castle |
| 24:53 | _LY_抖音肥龙 · age_up castle |
| 25:01 | _LY_抖音肥龙 · first_building Monastery |
| 25:09 | _LY_抖音肥龙 · wall_segment Palisade Wall x2 |
| 25:30 | _LY_抖音肥龙 · wall_segment Palisade Wall x1 |
| 25:45 | Thành Cổ Quảng Trị · first_building Monastery |
| 26:04 | _LY_抖音肥龙 · wall_segment Palisade Wall x1 |
| 26:47 | _LY_抖音肥龙 · wall_segment Palisade Wall x1 |
| 29:18 | Thành Cổ Quảng Trị · wall_segment Stone Wall x1 |
| 29:19 | Thành Cổ Quảng Trị · wall_segment Stone Wall x1 |
| 29:41 | Thành Cổ Quảng Trị · wall_segment Palisade Wall x1 |
| 33:08 | _LY_抖音肥龙 · wall_segment Stone Wall x1 |
| 33:10 | _LY_抖音肥龙 · wall_segment Stone Wall x1 |
| 34:30 | _LY_抖音肥龙 · wall_segment Stone Wall x2 |
| 34:54 | _LY_抖音肥龙 · first_market_buy 100 food |
| 36:41 | Thành Cổ Quảng Trị · first_market_buy 100 wood |
| 38:16 | _LY_抖音肥龙 · wall_segment Stone Wall x1 |
| 39:46 | _LY_抖音肥龙 · first_building Castle |
| 40:01 | Thành Cổ Quảng Trị · first_market_sell 500 food |
| 40:04 | Thành Cổ Quảng Trị · first_building Castle |
| 42:01 | Thành Cổ Quảng Trị · first_building Siege Workshop |
| 42:50 | _LY_抖音肥龙 · wall_segment Stone Wall x1 |
| 44:31 | _LY_抖音肥龙 · resign |
[ ANÁLISIS IA · 1 CRÉDITO ]
¿Qué pasó realmente en esta partida?
Wolo.gg analiza cada decisión: build order, eco, micro, errores típicos por bracket. Análisis personalizado por WhatsApp o Discord en 30 segundos.
Guía civ
Lituanos
Perfil
Vivi (_LY_抖音肥龙)